 Dungeon Crawl Stone Soup version 0.28.0-47-ge53b351184 (webtiles) character file.

Game seed: 2710341884440922122

287 Iusername the Covered (level 6, -1/53 HPs)
             Began as a Minotaur Fighter on May 5, 2022.
             Slain by a jackal (3 damage)
             ... on level 3 of the Dungeon.
             The game lasted 00:05:30 (3427 turns).

Iusername the Covered (Minotaur Fighter)            Turns: 3427, Time: 00:05:31

Health: -1/53      AC:  7    Str: 20    XL:     6   Next: 8%
Magic:  5/5        EV: 10    Int:  7    God:
Gold:   120        SH:  9    Dex: 10    Spells: 5/5 levels left

rFire   . . .      SeeInvis .   a - +0 long sword
rCold   . . .      Faith    .   c - +0 buckler
rNeg    . . .      Spirit   .   b - +0 scale mail
rPois   .          Reflect  +   (helmet restricted)
rElec   .          Harm     .   (no cloak)
rCorr   .          Rampage  .   (no gloves)
Will    .....                   (no boots)
Stlth   ..........              h - amulet of reflection
HPRegen 0.17/turn               (no ring)
MPRegen 0.09/turn               (no ring)

@: no status effects
A: horns 2, retaliatory headbutt
a: no special abilities


You were on level 3 of the Dungeon.
You visited 1 branch of the dungeon, and saw 3 of its levels.

You collected 120 gold pieces.

Inventory:

Hand Weapons
 a - a +0 long sword (weapon)
Missiles
 i - 2 poisoned darts (quivered)
Armour
 b - a +0 scale mail (worn)
 c - a +0 buckler (worn)
Jewellery
 f - a ring of wizardry
 h - an amulet of reflection (around neck)
Scrolls
 d - a scroll of teleportation {unknown}
 g - a scroll of noise {unknown}
 j - a scroll of enchant weapon {unknown}
 m - a scroll of magic mapping {unknown}
Potions
 e - a potion of curing {unknown}
 k - a potion of lignification {unknown}
 l - 2 potions of degeneration {unknown}


   Skills:
 + Level 4.6 Fighting
 + Level 4.2 Long Blades
 + Level 5.2 Armour
 + Level 2.1 Dodging
 + Level 0.3 Stealth
 + Level 4.8 Shields


You had 5 spell levels left.
You didn't know any spells.
Your spell library contained the following spells:

 Spells                   Type           Power      Damage    Failure   Level
 Shock                    Conj/Air       0%         1d3       85%         1
 Scorch                   Fire           0%         2d5       94%         2
 Swiftness                Air            0%         N/A       99%         3
 Airstrike                Air            0%         N/A       100%        4
 Flame Wave               Conj/Fire      0%         2d4       100%        4
 Summon Cactus Giant      Summ           0%         N/A       100%        6


Dungeon Overview and Level Annotations

Branches:
Dungeon (3/15)

Altars:

Shops:
D:1 *


Innate Abilities, Weirdness & Mutations

You have a pair of horns on your head.
You reflexively headbutt those who attack you in melee.


Message History

You block the jackal's attack. The gnoll barely misses you.
The jackal bites you but does no damage.
The orc hits you but does no damage.
You barely miss the gnoll.
The jackal bites you but does no damage.
The gnoll hits you with a +0 flail. You block the orc's attack.
The jackal bites you. You block the gnoll's attack.
You slash the gnoll! You headbutt the gnoll.
The gnoll is almost dead.
The jackal closely misses you. The orc hits you with a +0 falchion!
* * * LOW HITPOINT WARNING * * *
The gnoll barely misses you. You block the jackal's attack.
You slash the gnoll! Your headbutt misses the gnoll.
The gnoll is almost dead.
The gnoll hits you but does no damage. You block the orc's attack.
The jackal bites you.
* * * LOW HITPOINT WARNING * * *
The gnoll hits you with a +0 flail.
* * * LOW HITPOINT WARNING * * *
The orc hits you with a +0 falchion.
* * * LOW HITPOINT WARNING * * *
The gnoll barely misses you. You furiously retaliate!
You headbutt the gnoll.
You kill the gnoll!
Unknown command.
You barely miss the gnoll. You headbutt the gnoll.
You kill the gnoll!
The jackal misses you. You block the jackal's attack.
The orc hits you but does no damage.
You barely miss the orc. You block the jackal's attack.
The orc hits you but does no damage. You block the jackal's attack.
You closely miss the orc. Your headbutt misses the orc.
The jackal pauses to sniff the ground.
The jackal barely misses you. The orc hits you but does no damage.
The jackal barely misses you.
You closely miss the orc. The orc barely misses you. You furiously retaliate!
You headbutt the orc, but do no damage. You block the jackal's attack.
You closely miss the orc. Your headbutt misses the orc.
You block the jackal's attack. You block the orc's attack.
The jackal bites you.
You die...

# #..# # ..# #
... #.# # #.# ...
#.####..#
########.)h...###
#........@)......
#....≈≈≈≈≈o≈≈≈≈≈≈
#....≈≈≈≈≈≈≈≈≈≈≈≈
#....≈≈#####≈≈≈≈≈
#....≈≈#ggg#g....
#...P≈≈#..$# ####
#....≈≈###+#
#....≈≈≈.
#....≈≈≈.


You could see 4 gnolls, an orc and a jackal.

Vanquished Creatures
  3 howler monkeys (D:3)
  3 adders
  7 gnolls
  3 orcs (D:3)
  7 endoplasms
  5 goblins (D:1)
  5 hobgoblins
  15 jackals
  2 quokkas (D:1)
  7 ball pythons
  3 bats
  A frilled lizard (D:1)
  5 kobolds
  9 rats
75 creatures vanquished.

Vanquished Creatures (others)
  A fungus (D:3)
  4 plants (D:3)
5 creatures vanquished.

Grand Total: 80 creatures vanquished

Notes
Turn   | Place    | Note
-------+----------+-------------------------------------------
     0 | D:1      | Iusername the Minotaur Fighter began the quest for the Orb.
     0 | D:1      | Reached XP level 1. HP: 19/19 MP: 0/0
   238 | D:1      | Reached XP level 2. HP: 23/27 MP: 1/1
   493 | D:1      | Reached skill level 4 in Armour
   567 | D:1      | Reached XP level 3. HP: 33/33 MP: 2/2
   684 | D:1      | Found Wacea's Assorted Antiques.
  1044 | D:2      | Reached skill level 1 in Dodging
  1044 | D:2      | Reached XP level 4. HP: 15/40 MP: 3/3
  2989 | D:3      | Reached XP level 5. HP: 44/47 MP: 4/4
  2995 | D:3      | Reached skill level 5 in Armour
  3419 | D:3      | Reached XP level 6. HP: 22/53 MP: 5/5
  3422 | D:3      | HP: 1/53 [orc/+0 falchion (2)]
  3427 | D:3      | Slain by a jackal

Illustrated notes

Levels and vault maps discovered:
D:1:      elethiomel_arrival_diamonds, layout_basic, serial_shops, shop,
          minmay_box_of_dots
D:2:      layout_basic
D:3:      lemuel_castle_with_subvaults [lemuel_castle_interior_original],
          layout_loops_ring, gammafunk_ghost_nasty_kobolds

Skill      XL: |  1  2  3  4  5 |
---------------+----------------+-----
Shields        | 4 |  4.8
Fighting       | 4 |  4.6
Armour         | 4 5 |  5.2
Long Blades    | 3 4 |  4.2
Dodging        | 1 2 |  2.1
Stealth        | |  0.3

Action                   |  1- 3 |  4- 6 || total
-------------------------+-------+-------++-------
Melee: Long sword        |    94 |    94 ||   188
       Headbutt          |     6 |    15 ||    21
Throw: Dart              |     2 |       ||     2
  Use: Potion            |     1 |       ||     1
Armor: Scale mail        |    47 |    48 ||    95
Dodge: Dodged            |    40 |    52 ||    92
Block: Buckler           |    45 |    81 ||   126
